 Dungeon Crawl Stone Soup version 0.24-a0-181-gd121a6d (webtiles) character file.

Game seed: 9631006566827446027

70 galech the Covered (level 4, 0/35 HPs)
             Began as a Demonspawn Fighter on Mar 14, 2019.
             Slain by a gnoll
             ... wielding a +0 halberd
              (13 damage)
             ... on level 2 of the Dungeon.
             The game lasted 00:00:38 (793 turns).

galech the Covered (Demonspawn Fighter)              Turns: 793, Time: 00:00:39

Health: 0/35       AC:  6    Str: 21    XL:     4   Next: 3%
Magic:  4/4        EV:  7    Int:  9    God:
Gold:   47         SH:  9    Dex: 14    Spells: 3/3 levels left

rFire    . . .     SeeInvis .   a - +0 war axe
rCold    . . .     Gourm    .   c - +0 shield
rNeg     . . .     Faith    .   b - +0 scale mail
rPois    .         Spirit   .   (no helmet)
rElec    .         Reflect  .   (no cloak)
rCorr    .         Harm     .   (no gloves)
MR       .....                  (no boots)
Stlth    ..........             (no amulet)
HPRegen  0.11/turn              (no ring)
MPRegen  0.09/turn              (no ring)

@: mighty
A: talons 1, spiny 1
a: no special abilities


You were on level 2 of the Dungeon.
You were not hungry.

You visited 1 branch of the dungeon, and saw 2 of its levels.

You collected 47 gold pieces.

Inventory:

Hand Weapons
 a - a +0 war axe (weapon)
Armour
 b - a +0 scale mail (worn)
 c - a +0 shield (worn)
Scrolls
 e - a scroll of identify {unknown}
 i - a scroll of fear {unknown}
Potions
 g - a potion of mutation {unknown}
 j - a potion of degeneration {unknown}
 k - a potion of invisibility {unknown}
 l - a potion of curing {unknown}
Comestibles
 f - 2 rations


   Skills:
 + Level 3.1 Fighting
 + Level 2.7 Axes
 + Level 3.4 Armour
 + Level 3.0 Shields


You had 3 spell levels left.
You didn't know any spells.
Your spell library was empty.

Dungeon Overview and Level Annotations

Branches:
Dungeon (2/15)

Altars:
The Shining One


Innate Abilities, Weirdness & Mutations

You have sharp toenails.
You are partially covered in sharp spines.


Message History

An adder comes into view.
The kobold shouts!
You hit the gnoll. You claw the gnoll.
The gnoll is moderately wounded.
You closely miss the gnoll. The bat hits you.
The gnoll hits you but does no damage. You block the gnoll's attack.
The gnoll hits you but does no damage. The gnoll hits you.
You slash the gnoll!
You kill the gnoll!
You have reached level 4!
You feel agile.
Your demonic ancestry asserts itself...
Sharp spines emerge from parts of your body.
Your shield prevents you from hitting the gnoll.
The bat completely misses you. The gnoll is struck by your spines.
The gnoll hits you but does no damage. You block the gnoll's attack.
You closely miss the gnoll. Your kick misses the gnoll.
The gnoll is severely wounded.
The bat hits you but does no damage. The gnoll hits you.
The gnoll hits you from afar with a +0 halberd!
You die...

.. #.# . ..#.
#... #..# .
##..# ... #)†.#
....###).# .#
....K.†@##...#
.......g.....#
......##gS##...
....b# .....
..... ......#
.... .......
###. .......
....... .......


You could see 2 gnolls, an adder, a bat and a kobold.

Vanquished Creatures
  Terence (D:2)
  A gnoll (D:2)
  An adder (D:2)
  4 dart slugs
  A giant cockroach (D:1)
  A goblin (D:1)
  6 jackals (D:1)
  A frilled lizard (D:1)
  3 kobolds (D:2)
  4 rats
23 creatures vanquished.

Notes
Turn   | Place    | Note
-------+----------+-------------------------------------------
     0 | D:1      | galech the Demonspawn Fighter began the quest for the Orb.
     0 | D:1      | Reached XP level 1. HP: 18/18 MP: 1/1
   190 | D:1      | Found a glowing golden altar of the Shining One.
   366 | D:1      | Gained mutation: You have sharp toenails. [demonic
                  | ancestry]
   366 | D:1      | Reached XP level 2. HP: 24/24 MP: 2/2
   778 | D:2      | Noticed Terence
   785 | D:2      | Killed Terence
   785 | D:2      | Reached XP level 3. HP: 27/29 MP: 3/3
   792 | D:2      | Gained mutation: You are partially covered in sharp spines.
                  | [demonic ancestry]
   792 | D:2      | Reached XP level 4. HP: 17/35 MP: 4/4
   793 | D:2      | Slain by a gnoll

Levels and vault maps discovered:
D:1:      tarquinn_simple_flora_water_b, layout_basic, tso_altar
D:2:      layout_rooms, minivault_25, uniq_terence

Skill      XL: |  1  2  3 |
---------------+----------+-----
Axes           | 2 |  2.7
Armour         | 3 |  3.4
Shields        | 3 |  3.0
Fighting       | |  3.1

Action                   |  1- 3 |  4- 6 || total
-------------------------+-------+-------++-------
Melee: War axe           |    43 |     1 ||    44
       Kick              |    11 |       ||    11
  Use: Potion            |     1 |       ||     1
Armor: Scale mail        |    21 |     2 ||    23
Dodge: Dodged            |    17 |     1 ||    18
Block: Shield            |    28 |     1 ||    29

Table legend:
 A = Non-vault XP
 B = Vault XP
 C = Vault XP percentage of total XP
 D = Non-vault monster count
 E = Vault monster count
 F = Vault count percentage of total count
                 A         B        C        D         E       F
            +---------+---------+-------+---------+---------+-------
      Total |      68 |      32 |  32.0 |      22 |       1 |   4.3
            +---------+---------+-------+---------+---------+-------
        D:1 |      27 |       0 |   0.0 |      13 |       0 |   0.0
        D:2 |      41 |      32 |  43.8 |       9 |       1 |  10.0
            +---------+---------+-------+---------+---------+-------
